[ PARTIDA AOE2 · #495598157 ]
UnrankedPersas vs Persians
Equipo del jugador · VICT
Equipo rival · DERR
[ ANÁLISIS DE REPETICIÓN · EXTRAÍDO DE LA PARTIDA GRABADA ]
Feudal
11:06
Castillos
21:12
Imperial
—
| APM promedio | 64.4 |
| APM pico | 85 |
| eAPM promedio | 29.9 |
| Aldeanos / militares | 85 / 21 |
Foco
⚔️ 42.1% · 🌾 57.9%
Cavalry Archer ×13 · Scout Cavalry ×4 · Militia ×2 · Spearman ×2
Feudal
9:12
Castillos
21:35
Imperial
—
| APM promedio | 67.3 |
| APM pico | 113 |
| eAPM promedio | 28.8 |
| Aldeanos / militares | 57 / 13 |
Foco
⚔️ 38.8% · 🌾 61.2%
Scout Cavalry ×6 · Spearman ×4 · Cavalry Archer ×3
Mapa de la partida
Recursos iniciales + cada clic de construcción. Líneas = muros · curvas = relieve. ◆ oro · ⬟ piedra · ● bayas · ✦ reliquia · ◌ hueco del cierre
Tu base· Abierta — flanco sin cerrar
Base de Fabrizio 094455· Abierta — hueco de 13t
Terreno inicial suavizado · ◌ = hueco del cierre detectado · pasá el cursor para detalles
Inputs por minuto
— El Comadreja - - Fabrizio 094455
Build order — El Comadreja
Primeras 150 de 198 acciones detectadas
| 0:00 | Crear | Villager (Male) |
| 0:00 | Crear | Villager (Male) |
| 0:01 | Construir | House |
| 0:02 | Construir | House |
| 0:08 | Crear | Villager (Male) |
| 0:08 | Crear | Villager (Male) |
| 0:09 | Crear | Villager (Male) |
| 0:30 | Construir | Barracks |
| 1:37 | Crear | Militia |
| 1:44 | Construir | House |
| 1:49 | Crear | Villager (Male) |
| 1:50 | Investigar | Loom |
| 2:02 | Crear | Militia |
| 2:23 | Crear | Villager (Male) |
| 2:48 | Crear | Villager (Male) |
| 2:57 | Crear | Villager (Male) |
| 3:48 | Crear | Villager (Male) |
| 4:16 | Crear | Villager (Male) |
| 4:42 | Crear | Villager (Male) |
| 4:57 | Crear | Villager (Male) |
| 4:57 | Crear | Villager (Male) |
| 5:26 | Construir | Lumber Camp |
| 5:49 | Crear | Villager (Male) |
| 5:49 | Crear | Villager (Male) |
| 5:49 | Crear | Villager (Male) |
| 5:53 | Construir | House |
| 6:19 | Crear | Villager (Male) |
| 6:21 | Crear | Villager (Male) |
| 6:21 | Crear | Villager (Male) |
| 6:56 | Construir | Mill |
| 7:05 | Crear | Villager (Male) |
| 7:11 | Crear | Villager (Male) |
| 7:11 | Crear | Villager (Male) |
| 7:17 | Crear | Villager (Male) |
| 7:34 | Construir | Mill |
| 7:40 | Crear | Villager (Male) |
| 7:45 | Crear | Villager (Male) |
| 7:46 | Crear | Villager (Male) |
| 8:01 | Crear | Villager (Male) |
| 8:13 | Crear | Villager (Male) |
| 8:19 | Crear | Villager (Male) |
| 8:32 | Crear | Villager (Male) |
| 8:49 | Crear | Villager (Male) |
| 9:02 | Investigar | Feudal Age |
| 9:02 | Investigar | Feudal Age |
| 9:46 | Construir | Barracks |
| 10:11 | Construir | Palisade Wall |
| 10:12 | Construir | Palisade Wall |
| 10:12 | Construir | Palisade Wall |
| 10:13 | Construir | Palisade Wall |
| 10:13 | Construir | Palisade Wall |
| 10:14 | Construir | Palisade Wall |
| 10:16 | Construir | Palisade Wall |
| 10:16 | Construir | Palisade Wall |
| 10:17 | Construir | Palisade Wall |
| 10:17 | Construir | Palisade Wall |
| 10:18 | Construir | Palisade Wall |
| 10:31 | Construir | Palisade Wall |
| 10:32 | Construir | Palisade Wall |
| 10:32 | Construir | Palisade Wall |
| 10:33 | Construir | Palisade Wall |
| 10:34 | Construir | Palisade Wall |
| 10:36 | Construir | Palisade Wall |
| 10:36 | Construir | Palisade Wall |
| 10:37 | Construir | Palisade Wall |
| 10:38 | Construir | Palisade Wall |
| 10:39 | Construir | Palisade Wall |
| 10:39 | Construir | Palisade Wall |
| 10:49 | Crear | Villager (Male) |
| 11:06 | Edad | Edad Feudal |
| 11:09 | Construir | Stable |
| 11:14 | Construir | House |
| 11:32 | Investigar | Wheelbarrow |
| 11:33 | Crear | Scout Cavalry |
| 11:40 | Crear | Villager (Male) |
| 11:44 | Crear | Villager (Male) |
| 11:47 | Construir | Palisade Wall |
| 12:01 | Investigar | Double-Bit Axe |
| 12:14 | Construir | House |
| 12:17 | Construir | Farm |
| 12:22 | Investigar | Horse Collar |
| 12:22 | Investigar | Horse Collar |
| 12:23 | Crear | Scout Cavalry |
| 12:37 | Construir | Farm |
| 12:46 | Crear | Villager (Male) |
| 12:51 | Construir | Farm |
| 12:54 | Crear | Scout Cavalry |
| 13:02 | Construir | House |
| 13:07 | Construir | Farm |
| 13:19 | Crear | Villager (Male) |
| 13:22 | Construir | Farm |
| 13:28 | Construir | Farm |
| 13:40 | Construir | Farm |
| 13:56 | Construir | Farm |
| 13:56 | Crear | Villager (Male) |
| 14:01 | Crear | Spearman |
| 14:04 | Construir | House |
| 14:11 | Crear | Villager (Male) |
| 14:11 | Crear | Villager (Male) |
| 14:31 | Crear | Villager (Male) |
| 14:32 | Crear | Spearman |
| 14:34 | Construir | House |
| 14:42 | Construir | House |
| 14:48 | Construir | Farm |
| 14:53 | Crear | Villager (Male) |
| 14:53 | Crear | Villager (Male) |
| 15:04 | Crear | Villager (Male) |
| 15:04 | Crear | Villager (Male) |
| 15:06 | Construir | Farm |
| 15:07 | Construir | Farm |
| 15:14 | Crear | Villager (Male) |
| 15:17 | Construir | Farm |
| 15:18 | Construir | Farm |
| 15:20 | Crear | Scout Cavalry |
| 15:22 | Construir | House |
| 15:26 | Construir | House |
| 15:27 | Construir | Palisade Wall |
| 15:35 | Crear | Villager (Male) |
| 15:35 | Crear | Villager (Male) |
| 15:47 | Crear | Villager (Male) |
| 15:48 | Crear | Villager (Male) |
| 15:50 | Construir | Farm |
| 15:53 | Construir | Palisade Wall |
| 15:55 | Crear | Villager (Male) |
| 15:59 | Crear | Villager (Male) |
| 16:13 | Construir | Mining Camp |
| 16:13 | Crear | Villager (Male) |
| 16:37 | Crear | Villager (Male) |
| 16:39 | Construir | Palisade Wall |
| 17:03 | Crear | Villager (Male) |
| 17:08 | Construir | Blacksmith |
| 17:09 | Construir | Palisade Wall |
| 17:10 | Crear | Villager (Male) |
| 17:10 | Crear | Villager (Male) |
| 17:10 | Crear | Villager (Male) |
| 17:18 | Construir | Palisade Wall |
| 17:28 | Crear | Villager (Male) |
| 17:28 | Crear | Villager (Male) |
| 17:32 | Construir | Palisade Wall |
| 17:45 | Crear | Villager (Male) |
| 17:53 | Crear | Villager (Male) |
| 18:14 | Crear | Villager (Male) |
| 18:40 | Construir | Farm |
| 18:47 | Investigar | Castle Age |
| 18:52 | Construir | Palisade Wall |
| 19:23 | Crear | Villager (Male) |
| 19:35 | Crear | Villager (Male) |
| 19:46 | Construir | Lumber Camp |
| 19:50 | Construir | Archery Range |
| 19:51 | Construir | Archery Range |
Build order — Fabrizio 094455
143 acciones detectadas en el replay
| 0:01 | Crear | Villager (Male) |
| 0:01 | Crear | Villager (Male) |
| 0:02 | Construir | House |
| 0:04 | Construir | House |
| 0:07 | Crear | Villager (Male) |
| 0:07 | Crear | Villager (Male) |
| 0:07 | Crear | Villager (Male) |
| 1:23 | Crear | Villager (Male) |
| 1:23 | Crear | Villager (Male) |
| 2:02 | Crear | Villager (Male) |
| 2:02 | Crear | Villager (Male) |
| 2:11 | Construir | Palisade Wall |
| 2:16 | Construir | Palisade Wall |
| 2:18 | Construir | Lumber Camp |
| 2:22 | Crear | Villager (Male) |
| 2:22 | Crear | Villager (Male) |
| 2:45 | Crear | Villager (Male) |
| 2:45 | Crear | Villager (Male) |
| 3:10 | Crear | Villager (Male) |
| 3:10 | Crear | Villager (Male) |
| 3:16 | Construir | Mill |
| 3:50 | Crear | Villager (Male) |
| 3:50 | Crear | Villager (Male) |
| 3:50 | Crear | Villager (Male) |
| 4:16 | Construir | House |
| 4:18 | Investigar | Loom |
| 4:21 | Crear | Villager (Male) |
| 4:36 | Construir | Palisade Wall |
| 5:00 | Crear | Villager (Male) |
| 5:05 | Construir | Palisade Wall |
| 5:08 | Crear | Villager (Male) |
| 5:24 | Construir | Palisade Gate |
| 5:27 | Construir | Palisade Gate |
| 5:37 | Crear | Villager (Male) |
| 5:47 | Crear | Villager (Male) |
| 6:30 | Crear | Villager (Male) |
| 6:38 | Crear | Villager (Male) |
| 7:00 | Crear | Villager (Male) |
| 7:08 | Investigar | Feudal Age |
| 8:17 | Construir | Barracks |
| 8:44 | Crear | Villager (Male) |
| 9:04 | Construir | House |
| 9:12 | Edad | Edad Feudal |
| 9:31 | Construir | Stable |
| 9:44 | Crear | Villager (Male) |
| 9:52 | Investigar | Double-Bit Axe |
| 9:53 | Investigar | Double-Bit Axe |
| 9:54 | Crear | Villager (Male) |
| 9:57 | Crear | Spearman |
| 10:06 | Crear | Villager (Male) |
| 10:27 | Crear | Villager (Male) |
| 10:32 | Crear | Scout Cavalry |
| 10:32 | Crear | Scout Cavalry |
| 10:32 | Crear | Scout Cavalry |
| 10:39 | Construir | House |
| 10:50 | Construir | Mill |
| 11:05 | Construir | Farm |
| 11:11 | Crear | Scout Cavalry |
| 11:22 | Construir | Farm |
| 11:23 | Construir | Farm |
| 11:41 | Construir | House |
| 11:48 | Crear | Villager (Male) |
| 11:52 | Construir | Farm |
| 12:04 | Construir | Farm |
| 12:05 | Crear | Spearman |
| 12:11 | Crear | Villager (Male) |
| 12:16 | Construir | Farm |
| 12:22 | Construir | Palisade Wall |
| 12:23 | Construir | Palisade Wall |
| 12:25 | Construir | Palisade Wall |
| 12:37 | Construir | Farm |
| 12:43 | Crear | Scout Cavalry |
| 12:52 | Construir | Farm |
| 12:53 | Crear | Villager (Male) |
| 13:09 | Crear | Scout Cavalry |
| 13:22 | Crear | Villager (Male) |
| 13:30 | Crear | Villager (Male) |
| 13:37 | Construir | Farm |
| 13:41 | Construir | Farm |
| 13:48 | Crear | Villager (Male) |
| 13:51 | Construir | House |
| 13:56 | Construir | Palisade Wall |
| 13:57 | Construir | Palisade Wall |
| 13:59 | Construir | Palisade Wall |
| 13:59 | Construir | Palisade Wall |
| 14:01 | Construir | Palisade Wall |
| 14:12 | Construir | Palisade Wall |
| 14:13 | Crear | Villager (Male) |
| 14:21 | Crear | Spearman |
| 14:24 | Construir | House |
| 14:29 | Crear | Villager (Male) |
| 14:34 | Crear | Villager (Male) |
| 14:52 | Crear | Villager (Male) |
| 15:02 | Crear | Villager (Male) |
| 15:11 | Construir | Lumber Camp |
| 15:16 | Crear | Villager (Male) |
| 15:29 | Construir | Mining Camp |
| 15:32 | Construir | Palisade Wall |
| 15:38 | Crear | Villager (Male) |
| 15:53 | Construir | Market |
| 16:01 | Crear | Villager (Male) |
| 16:07 | Construir | Palisade Wall |
| 16:18 | Crear | Villager (Male) |
| 16:47 | Construir | House |
| 16:48 | Construir | Palisade Wall |
| 17:03 | Crear | Villager (Male) |
| 17:37 | Crear | Villager (Male) |
| 18:11 | Construir | Blacksmith |
| 18:13 | Construir | Palisade Wall |
| 18:24 | Crear | Villager (Male) |
| 18:41 | Crear | Villager (Male) |
| 18:53 | Crear | Spearman |
| 19:01 | Crear | Villager (Male) |
| 19:06 | Investigar | Castle Age |
| 19:06 | Investigar | Castle Age |
| 19:09 | Crear | Villager (Male) |
| 19:55 | Construir | Palisade Gate |
| 20:12 | Construir | Palisade Wall |
| 20:15 | Construir | Palisade Gate |
| 20:52 | Construir | Palisade Gate |
| 20:57 | Construir | Palisade Wall |
| 21:16 | Construir | Archery Range |
| 21:17 | Construir | Archery Range |
| 21:19 | Crear | Villager (Male) |
| 21:28 | Construir | House |
| 21:31 | Crear | Villager (Male) |
| 21:35 | Edad | Edad de los Castillos |
| 21:36 | Construir | Palisade Wall |
| 22:16 | Crear | Villager (Male) |
| 22:46 | Construir | Town Center |
| 22:50 | Construir | Town Center |
| 22:52 | Crear | Cavalry Archer |
| 22:53 | Crear | Cavalry Archer |
| 22:55 | Investigar | Fletching |
| 22:55 | Investigar | Fletching |
| 22:56 | Crear | Villager (Male) |
| 22:59 | Investigar | Bow Saw |
| 22:59 | Investigar | Bow Saw |
| 23:01 | Investigar | Husbandry |
| 23:02 | Investigar | Husbandry |
| 23:09 | Construir | University |
| 23:13 | Crear | Villager (Male) |
| 23:14 | Crear | Cavalry Archer |
Cronología de la partida
| 0:30 | El Comadreja · first_building Barracks |
| 2:11 | Fabrizio 094455 · wall_segment Palisade Wall x1 |
| 2:16 | Fabrizio 094455 · wall_segment Palisade Wall x1 |
| 4:36 | Fabrizio 094455 · wall_segment Palisade Wall x1 |
| 5:05 | Fabrizio 094455 · wall_segment Palisade Wall x1 |
| 8:17 | Fabrizio 094455 · first_building Barracks |
| 9:12 | Fabrizio 094455 · age_up feudal |
| 9:31 | Fabrizio 094455 · first_building Stable |
| 10:11 | El Comadreja · wall_segment Palisade Wall x1 |
| 10:12 | El Comadreja · wall_segment Palisade Wall x1 |
| 10:12 | El Comadreja · wall_segment Palisade Wall x1 |
| 10:13 | El Comadreja · wall_segment Palisade Wall x1 |
| 10:13 | El Comadreja · wall_segment Palisade Wall x1 |
| 10:14 | El Comadreja · wall_segment Palisade Wall x1 |
| 10:16 | El Comadreja · wall_segment Palisade Wall x1 |
| 10:16 | El Comadreja · wall_segment Palisade Wall x1 |
| 10:17 | El Comadreja · wall_segment Palisade Wall x1 |
| 10:17 | El Comadreja · wall_segment Palisade Wall x1 |
| 10:18 | El Comadreja · wall_segment Palisade Wall x1 |
| 10:31 | El Comadreja · wall_segment Palisade Wall x1 |
| 10:32 | El Comadreja · wall_segment Palisade Wall x1 |
| 10:32 | El Comadreja · wall_segment Palisade Wall x1 |
| 10:33 | El Comadreja · wall_segment Palisade Wall x1 |
| 10:34 | El Comadreja · wall_segment Palisade Wall x1 |
| 10:36 | El Comadreja · wall_segment Palisade Wall x1 |
| 10:36 | El Comadreja · wall_segment Palisade Wall x1 |
| 10:37 | El Comadreja · wall_segment Palisade Wall x1 |
| 10:38 | El Comadreja · wall_segment Palisade Wall x1 |
| 10:39 | El Comadreja · wall_segment Palisade Wall x1 |
| 10:39 | El Comadreja · wall_segment Palisade Wall x1 |
| 11:06 | El Comadreja · age_up feudal |
| 11:09 | El Comadreja · first_building Stable |
| 11:47 | El Comadreja · wall_segment Palisade Wall x1 |
| 12:22 | Fabrizio 094455 · wall_segment Palisade Wall x1 |
| 12:23 | Fabrizio 094455 · wall_segment Palisade Wall x1 |
| 12:25 | Fabrizio 094455 · wall_segment Palisade Wall x10 |
| 13:56 | Fabrizio 094455 · wall_segment Palisade Wall x1 |
| 13:57 | Fabrizio 094455 · wall_segment Palisade Wall x1 |
| 13:59 | Fabrizio 094455 · wall_segment Palisade Wall x1 |
| 13:59 | Fabrizio 094455 · wall_segment Palisade Wall x1 |
| 14:01 | Fabrizio 094455 · wall_segment Palisade Wall x1 |
| 14:12 | Fabrizio 094455 · wall_segment Palisade Wall x10 |
| 15:27 | El Comadreja · wall_segment Palisade Wall x5 |
| 15:32 | Fabrizio 094455 · wall_segment Palisade Wall x9 |
| 15:53 | El Comadreja · wall_segment Palisade Wall x1 |
| 16:07 | Fabrizio 094455 · wall_segment Palisade Wall x1 |
| 16:39 | El Comadreja · wall_segment Palisade Wall x1 |
| 16:48 | Fabrizio 094455 · wall_segment Palisade Wall x7 |
| 17:09 | El Comadreja · wall_segment Palisade Wall x1 |
| 17:18 | El Comadreja · wall_segment Palisade Wall x1 |
| 17:32 | El Comadreja · wall_segment Palisade Wall x1 |
| 18:13 | Fabrizio 094455 · wall_segment Palisade Wall x5 |
| 18:52 | El Comadreja · wall_segment Palisade Wall x1 |
| 19:50 | El Comadreja · first_building Archery Range |
| 20:00 | El Comadreja · wall_segment Palisade Wall x1 |
| 20:05 | El Comadreja · wall_segment Palisade Wall x1 |
| 20:08 | El Comadreja · wall_segment Palisade Wall x1 |
| 20:09 | El Comadreja · wall_segment Palisade Wall x1 |
| 20:12 | Fabrizio 094455 · wall_segment Palisade Wall x12 |
| 20:57 | Fabrizio 094455 · wall_segment Palisade Wall x1 |
| 21:12 | El Comadreja · age_up castle |
| 21:16 | Fabrizio 094455 · first_building Archery Range |
| 21:35 | Fabrizio 094455 · age_up castle |
| 21:36 | Fabrizio 094455 · wall_segment Palisade Wall x1 |
| 23:05 | Fabrizio 094455 · first_market_buy 100 wood |
| 23:24 | Fabrizio 094455 · resign |
[ ANÁLISIS IA · 1 CRÉDITO ]
¿Qué pasó realmente en esta partida?
Wolo.gg analiza cada decisión: build order, eco, micro, errores típicos por bracket. Análisis personalizado por WhatsApp o Discord en 30 segundos.
Guía civ
Persas
Perfil
El Comadreja